 Dungeon Crawl Stone Soup version 0.30.1-4-g462c640d31 (webtiles) character file.

Game seed: 9857130917402710339

63 croobank the Chiller (level 3, -1/26 HPs)
             Began as a Demonspawn Ice Elementalist on Sept 13, 2023.
             Slain by a gnoll
             ... wielding a +0 flail
              (11 damage)
             ... on level 2 of the Dungeon.
             The game lasted 00:04:29 (1589 turns).

croobank the Chiller (Demonspawn Ice Elementalist)  Turns: 1589, Time: 00:04:30

Health: -1/26      AC:  2    Str:  8    XL:     3   Next: 89%
Magic:  6/6        EV: 12    Int: 18    God:
Gold:   35         SH:  0    Dex: 13    Spells: 6/7 levels left

rFire   . . .        a - +0 short sword
rCold   + . .        (no shield)
rNeg    . . .        e - +0 robe
rPois   +            (no helmet)
rElec   .            (no cloak)
rCorr   .            (no gloves)
SInv    .            (no boots)
Will    .....        (no amulet)
Stlth   ++           d - ring of protection from cold
HPRegen 0.24/turn    j - ring of poison resistance
MPRegen 0.10/turn

%: no passive effects
@: no status effects
A: powered by death 1
a: no special abilities


You were on level 2 of the Dungeon.
You visited 1 branch of the dungeon, and saw 2 of its levels.

You collected 35 gold pieces.

Inventory:

Hand Weapons
 a - a +0 short sword (weapon)
Armour
 c - a +0 leather armour
 e - a +0 robe (worn)
 g - a +0 ring mail
Jewellery
 d - a ring of protection from cold (left hand)
 j - a ring of poison resistance (right hand)
Scrolls
 h - 2 scrolls of identify {unknown}
Potions
 f - a potion of curing {unknown}
 i - a potion of might {unknown}
 k - a potion of haste {unknown}


   Skills:
 + Level 1.1 Fighting
 + Level 2.3 Dodging
 + Level 2.4 Stealth
 + Level 2.5 Spellcasting
 + Level 3.9 Ice Magic


You had 6 spell levels left.
You knew the following spells:

 Your Spells              Type           Power      Damage    Failure   Level
a - Freeze                Ice            64%        1d7       3%          1

Your spell library contained the following spells:

 Spells                   Type           Power      Damage    Failure   Level
 Frozen Ramparts          Ice            32%        1d5       10%         3
 Ozocubu's Armour         Ice            16%        N/A       10%         3
 Summon Ice Beast         Ice/Summ       9%         N/A       58%         4


Dungeon Overview and Level Annotations

Branches:
Dungeon (2/15)

Altars:


Innate Abilities, Weirdness & Mutations

You regenerate a little health from kills.


Message History

Confirm with . or Enter, or press ? or * to list all spells.
Aiming: Freeze (safe; 3% risk of failure)
Press: ? - help, Shift-Dir - straight line, f/p - gnoll
Aim: a gnoll, wielding a +0 whip (severely wounded)
You freeze the gnoll.
You kill the gnoll!
Your Fighting skill increases to level 1!
Casting: Freeze (safe; 3% risk of failure)
Confirm with . or Enter, or press ? or * to list all spells.
Aiming: Freeze (safe; 3% risk of failure)
Press: ? - help, Shift-Dir - straight line, f - gnoll
Aim: a gnoll, wielding a +0 whip You freeze the gnoll.
The gnoll is lightly wounded.
The gnoll barely misses you.
Casting: Freeze (safe; 3% risk of failure)
Confirm with . or Enter, or press ? or * to list all spells.
Aiming: Freeze (safe; 3% risk of failure)
Press: ? - help, Shift-Dir - straight line, f/p - gnoll
Aim: a gnoll, wielding a +0 whip (lightly wounded)
You freeze the gnoll!
The gnoll is severely wounded.
The gnoll hits you with a +0 whip.
Casting: Freeze (safe; 3% risk of failure)
Confirm with . or Enter, or press ? or * to list all spells.
Aiming: Freeze (safe; 3% risk of failure)
Press: ? - help, Shift-Dir - straight line, f/p - gnoll
Aim: a gnoll, wielding a +0 whip (severely wounded)
You freeze the gnoll.
You kill the gnoll!
Casting: Freeze (safe; 3% risk of failure)
Confirm with . or Enter, or press ? or * to list all spells.
Aiming: Freeze (safe; 3% risk of failure)
Press: ? - help, Shift-Dir - straight line, f - gnoll
Aim: a gnoll, wielding a +0 flail You freeze the gnoll.
The gnoll is moderately wounded.
The gnoll misses you. Magic courses through your body.
The gnoll hits you with a +0 flail!
You die...

### #.# #..
#.# #.# #g#
#@# #.#
########.##
#>........#
#.........#
#.#######.#
#.# .#
#####.###
.#
#.......#
(#


You could see a gnoll.

Vanquished Creatures
  An adder (D:2)
  2 gnolls (D:2)
  3 dart slugs (D:1)
  3 ball pythons (D:1)
  5 endoplasms
  A giant cockroach (D:1)
  2 goblins (D:1)
  4 hobgoblins
  A kobold (D:2)
  A quokka (D:2)
  A bat (D:2)
  2 frilled lizards (D:1)
  2 rats
28 creatures vanquished.

Notes
Turn   | Place    | Note
-------+----------+-------------------------------------------
     0 | D:1      | croobank the Demonspawn Ice Elementalist began the quest
                  | for the Orb.
     0 | D:1      | Reached XP level 1. HP: 13/13 MP: 3/3
   196 | D:1      | Gained mutation: You regenerate a little health from kills.
                  | [demonic ancestry]
   196 | D:1      | Reached XP level 2. HP: 17/19 MP: 0/5
   429 | D:1      | Found a faded altar of an unknown god.
  1348 | D:2      | Reached XP level 3. HP: 11/25 MP: 3/6
  1585 | D:2      | Reached skill level 1 in Fighting
  1589 | D:2      | Slain by a gnoll

Illustrated notes

Levels and vault maps discovered:
D:1:      ncdulo_halloftheorcs, layout_basic, basic_ecumenical_altar
D:2:      layout_basic, chequers_big_river

Skill      XL: |  1  2  3 |
---------------+----------+-----
Stealth        | 2 |  2.4
Dodging        | 2 |  2.3
Fighting       | 1 |  1.1
Spellcasting   | |  2.5
Ice Magic      | |  3.9

Action                     || total
---------------------------++-------
  Melee: Unarmed           ||     9
         Punch             ||     2
         Club              ||    28
         Short sword       ||    20
   Cast: Freeze            ||    39
    Use: Potion            ||     1
   Stab: Sleeping          ||     7
 Armour: Robe              ||    11
  Dodge: Dodged            ||    47
